 Dungeon Crawl Stone Soup version 0.21.1-1-g345015f (webtiles) character file.

96 Fang the Chopper (level 4, 0/43 HPs)
             Began as a Gargoyle Berserker on June 20, 2018.
             Was a Believer of Trog.
             Slain by a gnoll
             ... wielding a +0 halberd
              (9 damage)
             ... on level 3 of the Dungeon.
             The game lasted 00:01:16 (1926 turns).

Fang the Chopper (Gargoyle Berserker)               Turns: 1926, Time: 00:01:17

Health: 0/43       AC:  6    Str: 27    XL:     4   Next: 67%
Magic:  4/4        EV: 12    Int:  7    God:    Trog [**....]
Gold:   69         SH:  0    Dex:  9    Spells: 3/3 levels left

rFire    . . .     SeeInvis .   a - +0 hand axe
rCold    . . .     Gourm    .   (no shield)
rNeg     + . .     Faith    .   f - +0 leather armour (curse)
rPois    ∞         Spirit   .   (no helmet)
rElec    +         Reflect  .   (no cloak)
rCorr    .         Harm     .   (no gloves)
MR       .....                  (no boots)
Stlth    ..........             (no amulet)
HPRegen  0.14/turn              (no ring)
MPRegen  0.09/turn              (no ring)

@: berserking, very quick
A: negative energy resistance 1, electricity resistance, unbreathing,
petrification resistance, rot immunity, AC +3
a: Berserk, Trog's Hand, Burn Spellbooks, Renounce Religion


You were on level 3 of the Dungeon.
You worshipped Trog.
Trog was pleased with you.
You were very hungry.

You visited 1 branch of the dungeon, and saw 3 of its levels.

You collected 69 gold pieces.

Inventory:

Hand Weapons
 a - a +0 hand axe (weapon)
Armour
 b - a +0 animal skin
 f - a cursed +0 leather armour (worn)
Wands
 j - a wand of flame (22)
Scrolls
 d - 5 scrolls of identify {unknown}
 e - a scroll of teleportation {unknown}
 h - 2 scrolls of amnesia {unknown}
Potions
 g - a potion of curing
 i - a potion of flight {unknown}
 k - a potion of degeneration {unknown}
 l - a potion of magic {unknown}
Comestibles
 c - 3 rations


   Skills:
 + Level 4.0 Fighting
 + Level 4.0 Axes
 + Level 2.5 Armour
 + Level 2.1 Dodging


You had 3 spell levels left.
You didn't know any spells.

Dungeon Overview and Level Annotations

Branches:
Dungeon (3/15)

Altars:
Fedhas


Innate Abilities, Weirdness & Mutations

You are resistant to torment.
Your stone body is resilient. (AC +3)
You are immune to poison.
You resist negative energy. (rN+)
You are resistant to electric shocks. (rElec)
You can survive without breathing.
You are immune to petrification.
You are immune to rotting.


Message History

2 gnolls come into view.
A gnoll comes into view. It is wielding an antimagic spear.
The gnoll shouts!
Found a runed hunting sling.
The iguana barely misses you.
You closely miss the iguana. The iguana bites you!
A gnoll comes into view. It is wielding a spear.
You completely miss the iguana.
The gnoll shouts!
The gnoll barely misses you.
The iguana bites you but does no damage.
You barely miss the iguana. The iguana barely misses you.
The gnoll hits you from afar with a halberd!
* * * LOW HITPOINT WARNING * * *
A red film seems to cover your vision as you go berserk!
You feel yourself moving faster!
You feel mighty!
You are feeling very hungry.
The iguana barely misses you. The gnoll barely misses you.
The gnoll hits you from afar with a halberd!
You die...

############
#..........#
#..........# ##
######..(.......### ###.
..................# #...
..................# #...
..................# #>..
.....g..######....###...
.....g.@#>..............
..g..gl.#######'#####...
).%.....# #.#####...
........# #....#####
........# ####.#####
........# ######......
........# .........####
........# ............#
.........##.#


You could see an iguana and 4 gnolls.

Vanquished Creatures
  5 adders
  2 dart slugs (D:1)
  3 leopard geckos
  2 bats (D:1)
  2 giant cockroaches
  4 hobgoblins
  4 jackals (D:3)
  A quokka (D:2)
  A ball python (D:1)
  2 frilled lizards
  6 goblins
  6 kobolds
  5 rats
43 creatures vanquished.

Notes
Turn   | Place    | Note
-------+----------+-------------------------------------------
     0 | D:1      | Fang the Gargoyle Berserker began the quest for the Orb.
     0 | D:1      | Reached XP level 1. HP: 14/14 MP: 1/1
   183 | D:1      | Reached XP level 2. HP: 8/19 MP: 2/2
   734 | D:2      | Reached XP level 3. HP: 21/24 MP: 3/3
  1149 | D:2      | Found a blossoming altar of Fedhas.
  1159 | D:2      | Reached XP level 4. HP: 26/29 MP: 4/4
  1554 | D:3      | Reached ** piety under Trog
  1926 | D:3      | Slain by a gnoll

Skill      XL: |  1  2  3  4 |
---------------+-------------+-----
Axes           | 3 4 |  4.0
Dodging        | 2 |  2.1
Fighting       | 4 |  4.0
Armour         | |  2.5

Action                   |  1- 3 |  4- 6 || total
-------------------------+-------+-------++-------
Melee: Hand axe          |   101 |    49 ||   150
Invok: Berserk           |       |     1 ||     1
  Eat: Chunk             |       |     3 ||     3
Armor: Animal skin       |     3 |       ||     3
       Leather armour    |    39 |    18 ||    57
Dodge: Dodged            |    75 |    33 ||   108
